 Dungeon Crawl Stone Soup version 0.20-a0-151-g755e310 (webtiles) character file.

102 Faca the Skirmisher (level 5, -12/42 HPs)
             Began as a Formicid Fighter on Nov 19, 2016.
             Was an Initiate of Trog.
             Mangled by an orc warrior
             ... wielding a +0 war axe
              (21 damage)
             ... on level 3 of the Dungeon on Nov 22, 2016.
             The game lasted 00:07:41 (920 turns).

Faca the Skirmisher (Formicid Fighter)               Turns: 920, Time: 00:07:42

Health: -12/42     AC:  7    Str: 20    XL:     5   Next: 5%
Magic:  5/5        EV:  8    Int:  8    God:    Trog [......]
Gold:   27         SH: 10    Dex: 11    Spells: 4/4 levels left

rFire  x . .     SeeInvis +     a - +0 war axe
rCold  + . .     Gourm    .     b - +0 scale mail
rNeg   . . .     Faith    .     c - +1 shield
rPois  .         Spirit   .     (helmet unavailable)
rElec  .         Reflect  .     (no cloak)
rCorr  .         Harm     .     (no gloves)
MR     .....                    (no boots)
Stlth  ..........               (no amulet)
                                i - ring of flight
                                g - ring of ice

@: no status effects
A: permanent stasis, dig shafts and tunnels, four strong arms, antennae 3
a: Dig, Shaft Self, Burn Spellbooks, Renounce Religion, Evoke Flight


You were on level 3 of the Dungeon.
You worshipped Trog.
Trog was noncommittal.
You were not hungry.

You visited 1 branch of the dungeon, and saw 3 of its levels.

You collected 27 gold pieces.

Inventory:

Hand Weapons
 a - a +0 war axe (weapon)
Armour
 b - a +0 scale mail (worn)
 c - a +1 shield (worn)
Jewellery
 g - a ring of ice (left hand)
 i - a ring of flight (right hand)
Scrolls
 e - 2 scrolls of identify
Potions
 d - a potion of might
 j - 2 potions of haste {unknown}
 k - a potion of cancellation {unknown}
 l - a potion of flight {unknown}
 m - a potion of brilliance {unknown}
Comestibles
 f - 2 bread rations
 h - a beef jerky


   Skills:
 + Level 4.1 Fighting
 + Level 3.0 Axes
 + Level 4.0 Armour
 + Level 1.0 Dodging
 + Level 4.1 Shields


You had 4 spell levels left.
You didn't know any spells.

Dungeon Overview and Level Annotations

Branches:
Dungeon (3/15)

Altars:
Hepliaklqana
Trog


Innate Abilities, Weirdness & Mutations

You cannot be hasted, slowed, berserked, paralysed or teleported.
You can dig through walls and to a lower floor.
Your four strong arms can wield two-handed weapons with a shield.
You have a pair of large antennae on your head. (SInv)


Message History

Your Dodging skill increases to level 1!
You have reached level 5!
Your shield and scale mail prevent you from hitting the orc warrior.
The orc warrior hits you with a war axe!
You hit the orc warrior.
The orc warrior is heavily wounded.
You block the orc warrior's attack.
The orc warrior hits you with a war axe!
* * * LOW HITPOINT WARNING * * *
You hit the orc warrior.
The orc warrior is severely wounded.
You block the orc warrior's attack.
You hit the orc warrior.
The orc warrior is almost dead.
You block the orc warrior's attack.
You hit the orc warrior but do no damage.
The orc warrior is almost dead.
The orc warrior hits you with a war axe!!
Ouch! That really hurt!
You die...

##########
#........#
#....<...#
#..)@....#
......†o)...#
####........#
#........#
#........#
#........#
#........#
##########


You could see an orc warrior.

Vanquished Creatures
  Jessica (D:2)
  An orc wizard (D:3)
  An adder (D:2)
  A worm (D:2)
  2 dart slugs (D:2)
  3 leopard geckos (D:2)
  An orc (D:3)
  3 giant cockroaches (D:2)
  3 goblins
  2 hobgoblins (D:2)
  4 kobolds
  A quokka (D:2)
  4 bats
  2 frilled lizards (D:2)
  6 rats (D:1)
35 creatures vanquished.

Notes
Turn   | Place    | Note
-------+----------+-------------------------------------------
     0 | D:1      | Faca the Formicid Fighter began the quest for the Orb.
     0 | D:1      | Reached XP level 1. HP: 18/18 MP: 1/1
    54 | D:1      | Reached XP level 2. HP: 24/24 MP: 2/2
    75 | D:1      | You fall through a shaft!
    75 | D:2      | Noticed Jessica
    89 | D:2      | Killed Jessica
    89 | D:2      | Reached XP level 3. HP: 21/30 MP: 3/3
    94 | D:2      | Upgraded the game from 0.20-a0-73-g65ed1cb to 0.20-a0-151-g755e310
   143 | D:2      | Reached XP level 4. HP: 13/37 MP: 4/4
   555 | D:2      | Found a bloodstained altar of Trog.
   561 | D:2      | Became a worshipper of Trog the Wrathful
   696 | D:2      | Found a hazy altar of Hepliaklqana.
   908 | D:3      | Noticed an orc warrior
   916 | D:3      | Reached skill level 1 in Dodging
   916 | D:3      | Reached XP level 5. HP: 28/42 MP: 5/5
   920 | D:3      | Mangled by an orc warrior

Vault maps used:
D:1:      dpeg_arrival_ratfight
D:2:      marbit_many_paths, lightli_temple_of_fire, minmay_close_crescents,
          uniq_jessica
D:3:      gammafunk_temple_overflow_statue, portal_sewer_entry_f

Skill      XL: |  1  2  3  4 |
---------------+-------------+-----
Fighting       | 4 |  4.1
Shields        | 4 |  4.1
Axes           | 3 |  3.0
Armour         | 4 |  4.0
Dodging        | 1 |  1.0

Action                   |  1- 3 |  4- 6 || total
-------------------------+-------+-------++-------
Melee: War axe           |    51 |    56 ||   107
  Use: Scroll            |     2 |     6 ||     8
Armor: Scale mail        |    33 |    20 ||    53
Dodge: Dodged            |    20 |    19 ||    39
Block: Shield            |    35 |    30 ||    65
